 Dungeon Crawl Stone Soup version 0.17-a0-1678-g710b578 (console) character file.

47 Monkaria the Ducker (level 3, 0/17 HPs)
             Began as a Felid Chaos Knight on Aug 19, 2015.
             Slain by Robin
             ... wielding a +0 trident
              (8 damage)
             ... on level 2 of the Dungeon.
             The game lasted 00:01:40 (1601 turns).

Monkaria the Ducker (Felid Chaos Knight)            Turns: 1601, Time: 00:01:40

Health: 0/17       AC:  1    Str:  9    XL:     3   Next: 48%
Magic:  4/4        EV: 20    Int: 13    God:    Xom [*.....]
Gold:   112        SH:  0    Dex: 15    Spells: 0 memorised, 2 levels left
                                        Lives:  0   Deaths: 0

rFire  . . .     SeeInvis +       - Unarmed
rCold  . . .     Clarity  .     (armour unavailable)
rNeg   . . .     SustAt   .     (shield unavailable)
rPois  .         Gourm    .     (helmet unavailable)
rElec  .         Spirit   .     (cloak unavailable)
rCorr  .         Warding  .     (gloves unavailable)
rMut   .         Stasis   .     (boots unavailable)
MR     .....                    (no amulet)
Stlth  +++.......               (no ring)
                                (no ring)

@: quick, not resistant to hostile enchantments, fairly stealthy
A: no armour, no weapons or thrown items, claws 1, fangs 3, see invisible,
carnivore 3, speed 1, shaggy fur 1, slow metabolism 1, sharp paws
a: Renounce Religion


You were on level 2 of the Dungeon.
You worshipped Xom.
You were a special plaything of Xom.
You were full.

You visited 1 branch of the dungeon, and saw 2 of its levels.

You collected 112 gold pieces.

Inventory:

Magical devices
 h - a wand of slowing (18)
Scrolls
 c - a scroll of teleportation {unknown}
 d - 3 scrolls of amnesia {unknown}
 e - a scroll of enchant weapon {unknown}
 i - a scroll of enchant armour {unknown}
 k - a scroll of remove curse {unknown}
Potions
 b - a potion of magic {unknown}
 f - a potion of agility {unknown}
 g - 2 potions of ambrosia {unknown}
 j - 2 potions of heal wounds {unknown}
Comestibles
 a - a meat ration


   Skills:
 - Level 3.0 Fighting
 - Level 5.0 Dodging
 + Level 2.0 Stealth
 - Level 3.0 Unarmed Combat


You had 2 spell levels left.
You didn't know any spells.

Dungeon Overview and Level Annotations

Branches:
Dungeon (2/15)

Altars:

Annotations:
D:2 Robin


Innate Abilities, Weirdness & Mutations

You cannot wear armour.
You are incapable of wielding weapons or throwing items.
You have sharp claws.
You have razor-sharp teeth.
You have supernaturally acute eyesight.
You are carnivorous and can eat meat at any time.
You cover ground quickly.
You are covered in fur (AC +1).
You have a slow metabolism.
Your sharp claws are effective at attacking unaware monsters.


Message History

Robin is moderately wounded.
Robin misses you.
You scratch Robin but do no damage.
Robin is moderately wounded.
Robin hits you with a trident.
You scratch Robin.
Robin is heavily wounded.
Robin misses you.
You scratch Robin. You bite Robin, but do no damage.
Robin is heavily wounded.
Robin drinks a potion.
Robin is healed!
You scratch Robin.
Robin is lightly wounded.
You scratch Robin. You bite Robin, but do no damage.
Robin is moderately wounded.
Robin completely misses you.
You barely miss Robin.
Robin is moderately wounded.
Robin hits you with a trident!
You die...

.........# #...# ######
.........# ####.##### #.....
.........# #........####.....
.........### #.##..............
.........'.# #...<.............
........)#)#######.#.)...........
.........#.##....#.##'###.#######
.........#.g...#g#......#.#......
.........#######@####.#.#.#.#####
#####.>..........................
#..#.################.#...##[
#..... ...#.#.### #.gg..
#####.#.... .....g #.#####
######## #.# # ..# ##


You could see Robin.

Vanquished Creatures
  2 giant cockroaches
  12 goblins
  5 hobgoblins
  5 jackals (D:2)
  A ball python (D:1)
  4 bats (D:1)
  A giant newt (D:1)
  9 kobolds
  2 rats
41 creatures vanquished.

Notes
Turn   | Place    | Note
--------------------------------------------------------------
     0 | D:1      | Monkaria the Felid Chaos Knight began the quest for the Orb.
     0 | D:1      | Reached XP level 1. HP: 10/10 MP: 2/2
   128 | D:1      | XOM: divination: magic mapping
   451 | D:1      | Reached skill level 4 in Dodging
   595 | D:1      | Reached XP level 2. HP: 14/14 MP: 3/3
   676 | D:1      | XOM: divination: detect items
   893 | D:1      | XOM is BORED!
   893 | D:1      | XOM: mild Erth miscast
  1135 | D:2      | Reached skill level 5 in Dodging
  1135 | D:2      | Reached XP level 3. HP: 17/17 MP: 4/4
  1200 | D:2      | Noticed Robin
  1214 | D:2      | XOM: potion effect (might)
  1220 | D:2      | Reached skill level 1 in Stealth
  1256 | D:2      | XOM: enchant monster (bad)
  1316 | D:1      | XOM: mild Divn miscast
  1601 | D:2      | Slain by Robin

Vault maps used:
D:1:      minmay_arrival_stair_chambers, serial_glass, glass_columns_a,
          glass_columns_a
D:2:      ecumenical_altar_2, fountainhead, uniq_sigmund, uniq_terence,
          uniq_robin

Action                   || total
-------------------------++-------
Melee: Unarmed           ||   104
 Stab: Sleeping          ||     3
       Distracted        ||     2
  Eat: Chunk             ||     6
